[Event "Late-Titled-Tuesday-Blitz-January-23-2024"]
[Site "Chess.com"]
[Date "2024.01.23"]
[Round "1"]
[White "Charodej1"]
[Black "YurasovMat-2012"]
[Result "0-1"]
[WhiteElo "2274"]
[BlackElo "2599"]
[TimeControl "180+1"]
[EndTime "14:08:51 PST"]
[Termination "YurasovMat-2012 won by resignation"]

1. e4 e5 2. Nf3 Nf6 3. Nxe5 d6 4.
Nf3 Nxe4 5. Nc3 Nxc3 6. dxc3 Be7 7. Be3 Nd7 8. Be2 Nf6 9. Nd4 O-O 10. O-O c5 11. Nb3 Qc7 12. c4 Be6 13. Bf4 Rfd8 14. Qe1 Qb6 15. Bd2 Qc7 16. Bf4 Rac8 17. Rd1 Qc6 18.
a3 d5 19. Bf3 Qe8 20. cxd5 Nxd5 21. Be5 b6 22. Qe2 Qa4 23. Rfe1 Nf6 24. Bc3 Rxd1 25. Rxd1 Re8 26. Nc1 h6 27. Rd2 Bd8 28. Qd1 Bc7 29.
g3 Qb5 30. Nd3 Nd7 31. b3 Qa6 32. a4 Bf5 33. Ne1 Nf8 34. Ng2 Qc8 35. Ne3 Be6 36. Nd5 Bb8 37. Re2 Ng6 38. Qe1 Qd7 39. Ne3 Rd8 40.
Rd2 Qc8 41. Qd1 Rxd2 42. Qxd2 Ne5 43. Bg2 Bh3 44. f4 Bxg2 45. Qxg2 Ng4 46. Bd2 Nxe3 47.
Bxe3 Qe6 48. Qf2 Bd6 49. Kg2 f5 50. Qe2 Qe4+ 51. Kg1 Be7 52. Qf2 Bf6 53. h3 c4 54.
bxc4 Qxc4 55. g4 fxg4 56. hxg4 Qxa4 57. g5 hxg5 58. fxg5 Qg4+ 59. Qg2 Qxg2+ 60. Kxg2 Be5 61. Kf3 Kf7 62. Ke4 Ke6 63. c4 Bd6 64. Bd4 g6 65.
Bf6 Be7 66. Bxe7 Kxe7 67. Kd5 a5 0-1

[Event "Late-Titled-Tuesday-Blitz-January-23-2024"]
[Site "Chess.com"]
[Date "2024.01.23"]
[Round "1"]
[White "Harsha_Bharathakoti"]
[Black "JG-17"]
[Result "1-0"]
[WhiteElo "2906"]
[BlackElo "2486"]
[TimeControl "180+1"]
[EndTime "14:08:52 PST"]
[Termination "Harsha_Bharathakoti won by resignation"]

1. Nf3 Nf6 2. c4 e6 3. Nc3 d5 4.
e3 Be7 5. b3 O-O 6. Bb2 c5 7.
cxd5 exd5 8. d4 Nc6 9. Be2 Ne4 10. dxc5 Qa5 11. Rc1 Bf6 12. Nd4 Nxc5 13. Nxc6 bxc6 14. O-O Ne4 15. Qc2 Bxc3 16. Bxc3 Nxc3 17. Qxc3 Qxa2 18.
Rc2 Qa3 19. Ra1 Qe7 20. Qxc6 Be6 21. Qa4 Rfb8 22. Rc3 Rb4 23. Qc6 Rab8 24. Rd1 h6 25. Qc7 Qxc7 26. Rxc7 R8b7 27. Rxb7 Rxb7 28. Rd3 Rc7 29.
g4 Rc2 30. Bf3 Rb2 31. Bxd5 Bxd5 32. Rxd5 Rxb3 33. Rd8+ Kh7 34. Rd7 Kg6 35. Rxa7 Rb6 36. Ra5 Kh7 37. Kg2 g6 38. h4 Kg7 39. Kf3 Rf6+ 40.
Kg3 Rb6 41. Rc5 Ra6 42. Rd5 Rc6 43. Kf3 Rb6 44. Rc5 Rf6+ 45. Ke2 Rd6 46. Rb5 Rc6 47. h5 gxh5 48. Rxh5 Rc2+ 49. Kf3 Rc6 50. Rf5 Rc2 51. Kg3 Rc1 52. e4 Kg6 53. e5 Rc3+ 54. f3 Re3 55.
Kf4 Re1 56. Rf6+ Kg7 57. Kf5 Re3 58. Kf4 Re1 59. Rc6 Rb1 60. Rd6 Rb7 61. Ke4 Re7 62. f4 Rb7 63. Rf6 Rb4+ 64. Kd5 Rb7 65. Kc6 Re7 66. Kd6 Ra7 67. Kc6 Ra6+ 68. Kd5 Rxf6 69. exf6+ Kxf6 70. Ke4 Kg6 71. Ke5 Kg7 72. Kf5 Kh7 73.
Kf6 Kg8 74. Ke7 Kg7 75. f5 Kg8 76. f6 h5 77. gxh5 Kh8 78. Kxf7 Kh7 79. Ke7 Kh8 80. f7 Kh7 81. Kf6 Kh6 82. f8=Q+ 1-0

[Event "Late-Titled-Tuesday-Blitz-January-23-2024"]
[Site "Chess.com"]
[Date "2024.01.23"]
[Round "1"]
[White "mfwagnerpeixoto"]
[Black "ArtemDyachuk"]
[Result "1-0"]
[WhiteElo "2332"]
[BlackElo "2614"]
[TimeControl "180+1"]
[EndTime "14:08:54 PST"]
[Termination "mfwagnerpeixoto won by checkmate"]

1. d4 Nf6 2. c4 e6 3. Nf3 d5 4. g3 Bd6 5. Nbd2 O-O 6. Bg2 Nc6 7.
O-O a5 8. b3 a4 9. Bb2 b6 10.
c5 bxc5 11. dxc5 Bxc5 12. Qc2 Ra5 13. bxa4 Bd7 14. Nb3 Bb6 15. Nxa5 Nxa5 16. Ne5 Be8 17. Rac1 Nd7 18. Nxd7 Bxd7 19. Rfd1 Nc4 20. Bc3 Qe8 21. Re1 Bxa4 22. Qd3 Qe7 23. e4 Qc5 24.
Rf1 c6 25. Rb1 Bb5 26. Bb4 Qd4 27. Qxd4 Bxd4 28. Bxf8 Kxf8 29. exd5 exd5 30. Rfd1 Bf6 31. Rxb5 cxb5 32. Bxd5 Na3 33. Bb3 Ke7 34. Rc1 Be5 35.
Rc5 Bd6 36. Rf5 f6 37. Rd5 b4 38. Kg2 Nb1 39. Ra5 f5 40. Rxf5 Nc3 41. Rf7+ Ke8 42. Rxg7 h6 43. Rh7 Bf8 44. h4 Ne4 45. Rb7 Bc5 46. Rb8+ Ke7 47. Rb5 Kd6 48. Rb8 Nxf2 49. Rd8+ Kc6 50. Rh8 Ng4 51. Rh7 Ne3+ 52. Kh3 Nf5 53.
g4 Nd4 54. Rxh6+ Kd7 55. g5 Ne2 56. Kg4 Ke7 57. Re6+ Kf8 58. Rxe2 Kg7 59. h5 Kf8 60. Kf5 Kg7 61. h6+ Kf8 62. g6 Be3 63. g7+ Ke7 64. g8=Q Kd6 65. Qe6+ Kc5 66. Qc4+ Kb6 67. Rxe3 Ka5 68.
Qc5+ Ka6 69. Re6+ Kb7 70. Qe7+ Ka8 71. Rf6 Kb8 72. Rf8# 1-0

[Event "Late-Titled-Tuesday-Blitz-January-23-2024"]
[Site "Chess.com"]
[Date "2024.01.23"]
[Round "1"]
[White "DraningWaterHi"]
[Black "xakevicius91"]
[Result "1-0"]
[WhiteElo "2184"]
[BlackElo "2550"]
[TimeControl "180+1"]
[EndTime "14:08:55 PST"]
[Termination "DraningWaterHi won by resignation"]

1. d4 Nf6 2. c4 g6 3. g3 Bg7 4.
Bg2 O-O 5. Nc3 c5 6. d5 e6 7.
Nf3 d6 8. O-O exd5 9. cxd5 Re8 10. Bf4 Na6 11. a4 Nc7 12. Nd2 Nh5 13. Be3 b6 14.
Bf3 Nf6 15. Bf4 Ba6 16. Re1 h6 17. e4 g5 18. Be3 Nd7 19. Be2 Bxe2 20. Qxe2 Qe7 21.
f3 a6 22. Nc4 Rab8 23. Qc2 b5 24. Na5 Ne5 25. Kg2 b4 26. Nd1 Rbc8 27. Rc1 Qd7 28. b3 Rf8 29. Nf2 f5 30. exf5 Rxf5 31. Nc4 Nxf3 32.
Nb6 Nxe1+ 33. Rxe1 Qf7 34. Nxc8 Nxd5 35. Nxd6 Nxe3+ 36. Rxe3 Qd5+ 37. Qe4 Qxe4+ 38. Nfxe4 Rd5 39. Nc4 Bd4 40.
Re2 Kg7 41. Kf3 h5 42. h3 Rf5+ 43. Kg2 Rd5 44. g4 hxg4 45. hxg4 Kg6 46. Ng3 a5 47. Nxa5 Be5 48. Nc4 Bf4 49. Nf5 Rd3 50. Ne5+ Bxe5 51. Rxe5 Rc3 52. Ne7+ Kf6 53. Re4 Rxb3 54.
Nd5+ Kf7 55. Rc4 Ra3 56. Rxc5 Rxa4 57. Rb5 b3 58. Kf3 Ra3 59. Ke4 Ra4+ 60. Kf5 Rd4 61. Rb7+ Ke8 62. Nf6+ Kd8 63. Rxb3 Ke7 64. Ne4 Rd5+ 65.
Kg6 Rd4 66. Re3 Kf8 67. Nf6 Rd8 68. Rh3 Ke7 69. Kxg5 Ra8 70. Rh7+ Ke6 71. Kg6 Rf8 72. g5 Ra8 73. Rb7 Ra1 74. Rb6+ Ke7 75. Kg7 Rg1 76. g6 Rf1 77. Rb7+ Ke6 78. Nh7 Rg1 79. Rf7 Rg2 80.
Rf6+ Ke7 81. Kh8 Rh2 82. g7 Rxh7+ 83. Kxh7 Kxf6 84. g8=Q Kf5 1-0

[Event "Late-Titled-Tuesday-Blitz-January-23-2024"]
[Site "Chess.com"]
[Date "2024.01.23"]
[Round "1"]
[White "Jumbo"]
[Black "colegiodemadrid"]
[Result "1-0"]
[WhiteElo "2958"]
[BlackElo "2502"]
[TimeControl "180+1"]
[EndTime "14:09:00 PST"]
[Termination "Jumbo won on time"]

1. d4 d5 2. Nf3 e6 3. c4 Nf6 4. Nc3 Be7 5. Bf4 O-O 6. e3 c5 7. dxc5 dxc4 8. Bd6 Na6 9. Bxe7 Qxe7 10. c6 b5 11. Nxb5 Qb4+ 12. Nc3 Qxb2 13. Qc1 Qxc1+ 14. Rxc1 Nb4 15. Ne5 Ba6 16. a3 Nd3+ 17. Bxd3 cxd3 18.
Kd2 Rac8 19. f3 Rfd8 20. Na2 Rd5 21. Nd7 Nxd7 22. cxd7 Rc2+ 23. Rxc2 dxc2+ 24. Kxc2 Rxd7 25. Nb4 Bb5 26. Rb1 Ba4+ 27. Kc3 h5 28. Rb2 g6 29. h4 Rc7+ 30. Kd2 Rc4 31. g3 Kg7 32. Nd3 Rc7 33. e4 a6 34. Ne5 Bb5 35. Rc2 Rxc2+ 36. Kxc2 f6 37. Nd3 g5 38. Nc5 Kf7 39. Kc3 Be2 40. f4 gxh4 41. gxh4 e5 42. fxe5 fxe5 43.
Kb4 Ke7 44. Na4 Kd6 45. Kc3 Bf1 46. Nb2 Be2 47. Kb4 Bf1 48. a4 Be2 49. a5 Kc6 50. Na4 Kd6 51. Nc5 Bf1 52. Nb7+ Kc7 53. Nc5 Kd6 54. Nb3 Be2 55. Nd2 Bd3 56. Kc3 Be2 57.
Kb4 Bd3 58. Kc3 Be2 59. Nb3 Bf1 60. Kb4 Bd3 61. Nc5 Be2 62. Na4 Kc6 63. Nb2 Kd6 64.
Kc3 Bf1 65. Kb4 Be2 66. Na4 Kc6 67. Nc3 Bd3 68. Nd5 Kd6 69. Nf6 Be2 70. Kc3 Bf3 71.
Kd3 Bd1 72. Ke3 Ke6 73. Nd5 Bb3 74. Nc7+ Kd6 75. Nxa6 Kc6 76. Nb4+ Kb5 77. Nd3 1-0

[Event "Late-Titled-Tuesday-Blitz-January-23-2024"]
[Site "Chess.com"]
[Date "2024.01.23"]
[Round "1"]
[White "Mikhal867"]
[Black "AlexPapasimakopoulos"]
[Result "0-1"]
[WhiteElo "2426"]
[BlackElo "2752"]
[TimeControl "180+1"]
[EndTime "14:09:00 PST"]
[Termination "AlexPapasimakopoulos won on time"]

1. c4 e6 2. g3 d5 3. Bg2 Nf6 4. Nf3 Be7 5. O-O O-O 6. b3 b6 7. Bb2 Bb7 8. d4 dxc4 9. bxc4 Nbd7 10. Nc3 Re8 11. Qc2 c5 12. d5 exd5 13. Nh4 Ne4 14. Nxd5 Bxd5 15. cxd5 Nd6 16. e4 Bxh4 17. gxh4 Qxh4 18.
f4 f6 19. Rae1 Nf7 20. d6 Rad8 21. Qd3 Kh8 22. Kh1 Qh5 23. Bf3 Qh6 24. Bc1 Nf8 25. e5 Qg6 26. Be4 Qh5 27. Bf3 Qg6 28. Qxg6 hxg6 29.
Bc6 Re6 30. Bd5 f5 31. Bxe6 Nxe6 32. Be3 Kg8 33. a4 Kf8 34. Rb1 Ke8 35. a5 Rb8 36.
Rfc1 Kd7 37. axb6 axb6 38. Bxc5 Nxf4 39. Bd4 Ne6 40. Ba1 b5 41. Bc3 g5 42. Ra1 Rb7 43. Ra8 b4 44. Bb2 Nf4 45. Rg8 Ne6 46. Rf1 f4 47.
Ra8 g4 48. Kg2 g5 49. h3 gxh3+ 50. Kxh3 Nh6 51. Rc1 g4+ 52. Kh4 g3 53. Kh3 Nf5 54.
Kg2 Ne3+ 55. Kf3 Nf5 56. Rh1 Nfd4+ 57. Kg2 Kc6 58. Rc1+ Kd5 59. Bxd4 Nxd4 60. Rd1 Kxe5 61. Re8+ Kd5 62. Rf8 Ke5 63. Re8+ Kd5 64. Rf8 Ke4 65. Rxf4+ Kxf4 66. Rxd4+ Ke5 67. Rd2 Rd7 68. Kxg3 Rxd6 69. Rb2 Rb6 70. Kf3 Kd4 71. Ke2 Kc3 72. Rb1 Kc2 73. Rg1 b3 74. Rg8 b2 75. Rc8+ Kb1 76.
Kd2 Ra6 0-1

[Event "Late-Titled-Tuesday-Blitz-January-23-2024"]
[Site "Chess.com"]
[Date "2024.01.23"]
[Round "1"]
[White "WPWPWP-2015"]
[Black "K_A_S_T_O_R"]
[Result "0-1"]
[WhiteElo "2485"]
[BlackElo "2889"]
[TimeControl "180+1"]
[EndTime "14:09:02 PST"]
[Termination "K_A_S_T_O_R won by resignation"]

1. e4 c5 2. Nf3 d6 3. d4 cxd4 4. Nxd4 Nf6 5. Nc3 a6 6. h3 e6 7.
Be3 b5 8. a3 Bb7 9. Bd3 Nbd7 10. O-O Be7 11. Re1 O-O 12. Qe2 Nc5 13. Bd2 Qc7 14. Rad1 Rac8 15. Bc1 g6 16. Kh1 e5 17.
Nf3 Rfe8 18. Ng5 h6 19. Nf3 Kg7 20. Qe3 Rh8 21. Nd2 Ne6 22. Nf1 Nh5 23. Nd5 Bxd5 24. exd5 Bg5 25. Qe4 Nc5 26. Qf3 Bxc1 27. Rxc1 Nf4 28.
Be2 Na4 29. b3 Nc3 30. Bd3 Nfxd5 31. Ne3 Nf4 32. Bf1 Qc6 33. Qg4 Ne4 34. Nf5+ Kf6 35. Rxe4 gxf5 36. Qh4+ Kg7 37. Rxf4 exf4 38. Bd3 Qd5 39.
Qxf4 Qe5 40. Qf3 Rc3 41. Qxf5 Qxf5 42. Bxf5 Re8 43. Rd1 Re5 44. Bd3 a5 45. Kg1 a4 46.
Rb1 axb3 47. Rxb3 Rxb3 48. cxb3 Kf6 49. a4 bxa4 50. bxa4 Re1+ 51. Kh2 Ra1 52. Bb5 d5 53. Kg3 Ra3+ 54. f3 d4 55. Kf4 Re3 56. a5 Re5 57.
Bd3 Rxa5 58. Ke4 Ra4 59. f4 Rb4 60. g4 Ke6 61. h4 f5+ 62. gxf5+ Kf6 63. h5 Ra4 64.
Bc2 d3+ 65. Kxd3 Rxf4 66. Ke3 Rh4 67. Bd1 Kxf5 68. Bf3 Rh3 69. Kf2 Kf4 70. Bd1 Rh2+ 71.
Kg1 Rd2 72. Bb3 Kg3 73. Kf1 Rb2 74. Bd5 Rb5 75. Be4 Rxh5 76. Bc6 Re5 77. Bb7 h5 78. Bc6 h4 79. Bb7 h3 80. Bc6 h2 81. Bb7 Rb5 82.
Bc6 Rb1+ 83. Ke2 h1=Q 0-1

[Event "Late-Titled-Tuesday-Blitz-January-23-2024"]
[Site "Chess.com"]
[Date "2024.01.23"]
[Round "1"]
[White "Korchmar_Vasiliy"]
[Black "stasOR4ik"]
[Result "1-0"]
[WhiteElo "2729"]
[BlackElo "2409"]
[TimeControl "180+1"]
[EndTime "14:09:13 PST"]
[Termination "Korchmar_Vasiliy won by checkmate"]

1. e4 c6 2. d4 d5 3. exd5 cxd5 4. Bd3 Nc6 5. c3 Nf6 6. h3 e5 7. dxe5 Nxe5 8. Qe2 Qe7 9. Bc2 Nc4 10. Nd2 Bd7 11.
Qxe7+ Bxe7 12. Ngf3 O-O 13. O-O Rfe8 14. Rd1 Nb6 15.
Nb3 h6 16. Na5 Bc6 17. Nd4 Bc5 18. Be3 Nc4 19. Nxc4 dxc4 20. Nxc6 Bxe3 21. Na5 Bc5 22. Nxc4 Re2 23. Rd2 Bxf2+ 24. Kf1 Rxd2 25. Nxd2 Bc5 26. Ne4 Nxe4 27. Bxe4 Rd8 28. Ke2 Re8 29. Kd3 b6 30. b4 Be7 31. Rc1 Rd8+ 32. Ke2 Kf8 33. a3 a5 34. Rb1 axb4 35. axb4 Bg5 36. Rb2 Ke7 37. c4 Kf6 38. Ra2 Ke5 39. Bd5 f5 40. b5 Kd4 41. Ra7 Re8+ 42. Kf3 Re3+ 43. Kf2 Bh4+ 44.
g3 Rxg3 45. Ke2 Re3+ 46. Kd2 Rxh3 47. Rb7 Rh2+ 48. Kc1 Kc3 49. Rxb6 Rf2 50. Kd1 Rd2+ 51. Kc1 Bf2 52. Re6 Bd4 53. b6 Rb2 54. b7 Ra2 55.
Kb1 Rb2+ 56. Kc1 Rb4 57. Re8 f4 58. Kd1 g5 59. b8=Q Rxb8 60. Rxb8 g4 61. Ke2 h5 62. Rf8 Be5 63. Rf5 Kd4 64. Rxh5 f3+ 65. Kf2 Bf4 66.
Rf5 Bd2 67. Rf7 Be3+ 68. Kf1 g3 69. Rxf3 g2+ 70. Kxg2 Bd2 71. Rf1 Be3 72. Rh1 Kc5 73. Rh3 Bd4 74. Kf1 Be5 75. Ke2 Bf4 76. Kd3 Bg5 77. Rf3 Bf6 78. Rf1 Be5 79. Rb1 Bc7 80. Rb5+ Kd6 81. Ke4 Bd8 82. c5+ Kc7 83. Rb7+ Kc8 84. Rh7 Bf6 85. Kd3 Kd8 86. Kc4 Kc8 87. Kb5 Kb8 88. Kc6 Kc8 89. Rf7 Be5 90. Rf8# 1-0

[Event "Late-Titled-Tuesday-Blitz-January-23-2024"]
[Site "Chess.com"]
[Date "2024.01.23"]
[Round "1"]
[White "Defenstrator"]
[Black "rasmussvane"]
[Result "0-1"]
[WhiteElo "2507"]
[BlackElo "2978"]
[TimeControl "180+1"]
[EndTime "14:09:15 PST"]
[Termination "rasmussvane won by resignation"]

1. e4 c6 2. d4 d5 3. e5 Bf5 4. Ne2 e6 5. Nf4 c5 6. g4 Be4 7. f3 Qh4+ 8. Ke2 Bg6 9. c3 Nc6 10. Be3 Qd8 11. h4 Qb6 12. b3 cxd4 13. cxd4 Bb4 14.
a3 Be7 15. Nc3 h5 16. Nxg6 fxg6 17. gxh5 Rxh5 18. Bh3 Kf7 19. Qd3 Qa6 20. Nb5 Rxe5 21. dxe5 Nxe5 22. Bxe6+ Qxe6 23. Qd4 Rc8 24. Rac1 Nc6 25.
Qf4+ Nf6 26. Nd4 Nxd4+ 27. Qxd4 Re8 28. Kf2 Kg8 29. Rhg1 b6 30. Rxg6 Bc5 31. Rxf6 gxf6 32. Rxc5 bxc5 33. Qxc5 Qe5 34. Qxa7 Qh2+ 35. Kf1 Qxh4 36.
Qd4 Qh1+ 37. Ke2 Qh2+ 38. Kd3 Qd6 39. Qg4+ Kf8 40. b4 Qa6+ 41. Kd2 Qe6 42. Bc5+ Kf7 43. Qh5+ Kg7 44. Qg4+ Qxg4 45. fxg4 Kf7 46. a4 Ke6 47. a5 Kd7 48. a6 Kc6 49. a7 Kb7 50. Bd4 Re4 51.
Bxf6 Rxg4 52. Be7 Re4 53. Bc5 Rc4 54. Kd3 Re4 55. Kc3 Rg4 56. Kd3 Rc4 57. Kd2 Ka8 58. Kd3 Kb7 59. Kd2 Rg4 60. Kd3 Rh4 61. Kc3 Rf4 62. Kd3 Re4 63. Kc3 Rf4 64. Kd3 Rf5 65. Kd4 Rh5 66. Kd3 Rh4 67. Kc3 Rh1 68. Kd4 Rd1+ 69. Kc3 Ra1 70. Kd4 Kc6 71. b5+ Kxb5 72. Kxd5 Ra6 73. Bd4 Ra4 74. Ke4 Kc6 75. Ke5 Ra5+ 76.
Ke4 Kd6 77. Kd3 Kd5 78. Bf2 Ra3+ 79. Ke2 Ke4 80. Be1 Rxa7 81. Kd1 Kd3 82. Bd2 Ra1+ 83.
Bc1 Rb1 0-1

[Event "Late-Titled-Tuesday-Blitz-January-23-2024"]
[Site "Chess.com"]
[Date "2024.01.23"]
[Round "1"]
[White "Alimpic"]
[Black "VladimirKramnik"]
[Result "1/2-1/2"]
[WhiteElo "2509"]
[BlackElo "2947"]
[TimeControl "180+1"]
[EndTime "14:09:25 PST"]
[Termination "Game drawn by repetition"]

1. d4 Nf6 2. Nf3 e6 3. Bf4 b6 4. e3 Bb7 5. Nbd2 Be7 6. h3 d6 7. Bd3 Nbd7 8. c3 e5 9. dxe5 dxe5 10. Bxe5 Nxe5 11. Nxe5 O-O 12. O-O Qd5 13. Ndf3 Rad8 14.
Bc4 Qc5 15. Qb3 Bd5 16. Rfd1 Rd6 17. Rd4 c6 18. Rad1 b5 19. Bxd5 cxd5 20. Nd3 Qc8 21. Nf4 a6 22. Nxd5 Nxd5 23. Rxd5 Rg6 24. Rd7 Bf6 25. Qd5 h6 26. Qe4 a5 27. Qf4 b4 28.
Ne5 Bxe5 29. Qxe5 bxc3 30. bxc3 Qc6 31. R1d5 Re6 32. Qd4 a4 33. Rd8 Ree8 34. R8d6 Qb7 35. Qb4 Qc8 36. Rc5 Qa8 37. Ra5 Qc8 38. Rxa4 Re5 39.
Rd4 Rfe8 40. Ra5 Rxa5 41. Qxa5 Qb8 42. Qb4 Qa8 43. a4 Qc6 44. a5 Rc8 45. c4 Qa6 46. Qb5 Qg6 47. a6 Ra8 48. Rd5 Rxa6 49. Rd8+ Kh7 50. Qd5 Qe6 51. Qxe6 Rxe6 52. Rd5 Rc6 53. c5 Kg8 54. e4 Kf8 55. Kf1 Ke7 56. Ke2 Ra6 57. Ke3 Ra3+ 58. Kf4 Ra2 59. Kg3 Rc2 60. f3 g6 61. h4 h5 62. Kh3 Ke6 63. g3 Ke7 64. f4 Ke6 65. f5+ Ke7 66. fxg6 fxg6 67.
Rg5 Kf6 68. Rd5 Ke6 69. Rg5 Kf6 70. g4 Rc3+ 71. Kg2 hxg4 72. Kf2 g3+ 73. Kg2 Kf7 74. Kh3 Kf6 75. Kg2 Kf7 76. Rd5 Ke6 77. h5 gxh5 78.
Rxh5 Re3 79. Rh6+ Ke5 80. Rg6 Kf4 81. Rf6+ Ke5 82. Rg6 Kf4 83. Rf6+ Ke5 84. Rg6 1/2-1/2

[Event "Late-Titled-Tuesday-Blitz-January-23-2024"]
[Site "Chess.com"]
[Date "2024.01.23"]
[Round "1"]
[White "Grandmaster2B"]
[Black "Atousa"]
[Result "0-1"]
[WhiteElo "2798"]
[BlackElo "2466"]
[TimeControl "180+1"]
[EndTime "14:09:36 PST"]
[Termination "Atousa won on time"]

1. d4 Nf6 2. c4 e6 3. g3 d5 4.
Bg2 dxc4 5. Nf3 Bb4+ 6. Bd2 Nc6 7. Qa4 Nd5 8. Bxb4 Nxb4 9. a3 Nd5 10. Qxc4 O-O 11. O-O Bd7 12. e4 Nf6 13. Nc3 a6 14. Rac1 Rc8 15. Rfd1 b5 16. Qe2 Na5 17. d5 Qe7 18.
Qc2 Nc4 19. Nd4 e5 20. Nb3 c6 21.
Qe2 Rfd8 22. Rd3 cxd5 23. exd5 Bf5 24. Rdd1 Bg4 25. Bf3 Bxf3 26. Qxf3 e4 27. Qe2 Qe5 28. Rd4 h6 29. Re1 e3 30. fxe3 Nxd5 31. Nxd5 Rxd5 32. Qf2 Rcd8 33. Rxd5 Qxd5 34. Nd4 Nxe3 35. Rxe3 Qxd4 36.
Kg2 Qd5+ 37. Kh3 Qd7+ 38. Kg2 Qd5+ 39. Kh3 Kh7 40. Qc2+ g6 41. Qf2 Kg7 42. Rf3 Qd7+ 43. Kg2 Re8 44. h3 Qe6 45. g4 Re7 46. Kg3 Qe5+ 47.
Kg2 Qe4 48. Kg3 Qe5+ 49. Kg2 Qd5 50. Kg3 Re4 51. Qb6 Re6 52. Qf2 Qe5+ 53. Kg2 Rf6 54. Rxf6 Qxf6 55. Qa7 Qxb2+ 56. Kh1 Qf6 57. Qe3 Qc6+ 58.
Kg1 Qc4 59. Kg2 Qd5+ 60. Kg3 Qd6+ 61. Kg2 Qf6 62. Qd3 Qc6+ 63. Kg3 a5 64. h4 b4 65. axb4 axb4 66. Qd4+ Kh7 67. Qxb4 Qc7+ 68. Kf3 Qc6+ 69. Kg3 Qe6 70. Qf4 Kg7 71. Qd4+ Qf6 72. Qd3 Qe5+ 73. Kg2 h5 74. gxh5 Qxh5 75. Kg3 Qe5+ 76. Kh3 Kh6 77.
Qd2+ Kg7 78. Qd1 Qe6+ 79. Kg3 Qe5+ 80. Kh3 Qf6 81. Kg3 Qe7 82. Qd4+ Qf6 83. Qd3 Qe5+ 84.
Kg2 Kh7 85. Qf3 f5 86. Kh3 Kh6 87. Qf2 Qc3+ 88. Kh2 Qc4 89. Kh3 Qg4+ 90. Kh2 f4 91.
Kh1 Kh5 92. Qc5+ Kxh4 93. Qe7+ g5 94. Qh7+ Kg3 95. Qc2 Kf3 96. Qd1+ Kg3 97. Qg1+ Kh4 98. Qe1+ Qg3 99. Qe6 Qh3+ 0-1

[Event "Late-Titled-Tuesday-Blitz-January-23-2024"]
[Site "Chess.com"]
[Date "2024.01.23"]
[Round "1"]
[White "Mikhail_Bryakin"]
[Black "Kombinator01"]
[Result "1/2-1/2"]
[WhiteElo "2824"]
[BlackElo "2462"]
[TimeControl "180+1"]
[EndTime "14:10:10 PST"]
[Termination "Game drawn - insufficient material"]

1. e4 e5 2. d4 exd4 3. Qxd4 Nc6 4. Qc4 Bb4+ 5. Nc3 d6 6. Ne2 a6 7. a3 Be6 8. Qd3 Bc5 9. Qg3 Nf6 10. Bg5 h6 11. Qh4 Kd7 12. Bxf6 Qxf6 13. Qxf6 gxf6 14. f3 f5 15. O-O-O Rhg8 16. Kb1 Be3 17. exf5 Bxf5 18. Nd5 Bg5 19. Ng3 Be6 20. Ne4 Bxd5 21. Rxd5 Rae8 22.
Rxg5 hxg5 23. Nf6+ Kd8 24. Nxg8 Rxg8 25. Kc1 Ke7 26. Kd2 f5 27. g3 Kf6 28. Bc4 Rh8 29. h4 Ne5 30. Be2 gxh4 31. gxh4 Ng6 32. h5 Nf4 33. h6 Kg6 34. Rg1+ Kxh6 35. Bc4 d5 36. Bd3 Rf8 37. Ke3 Ne6 38. b4 Rf6 39. c4 d4+ 40. Kd2 Nf4 41. c5 Ng6 42. Be2 Ne5 43. f4 Ng6 44. Rf1 Re6 45. Bd3 Rf6 46. Bc2 Kg7 47.
Kd3 Rf8 48. Kxd4 Kf6 49. Bd3 Rd8+ 50. Ke3 Re8+ 51. Kd4 Rd8+ 52. Kc3 Rh8 53. c6 bxc6 54. Bxa6 Ra8 55. Bb7 Rxa3+ 56. Kc4 Ne7 57. Rh1 Rg3 58. Rh6+ Rg6 59. Rh8 Rg4 60. Rh6+ Kg7 61. Re6 Rxf4+ 62. Kc5 Kf7 63. Re1 Re4 64. Rd1 Re5+ 65. Kc4 Ke6 66. Rd8 f4 67. Rf8 Rf5 68. Re8 Rf6 69.
Ba6 f3 70. Kd4 f2 71. Bf1 Kd7 72. Ra8 Nf5+ 73. Ke5 Rf7 74. Bh3 Ke7 75. Ra7 Kd8 76. Ra8+ Ke7 77. Ra7 Kf8 78. Ra8+ Kg7 79. Ra6 Ng3 80.
Rxc6 f1=Q 81. Bxf1 Nxf1 82. b5 Nd2 83. Kd4 Nb3+ 84. Kc3 Na5 85. Ra6 Nb7 86. Ra7 Nd6 87. Kb4 c5+ 88. Kxc5 Rxa7 89. Kxd6 Kf7 90. b6 Ra1 91.
Kc7 Rc1+ 92. Kd7 Rb1 93. Kc7 Ke7 94. b7 Rc1+ 95. Kb6 Kd7 96. b8=Q Rb1+ 97. Ka7 Ra1+ 98. Kb7 Rb1+ 99. Ka7 Rxb8 100. Kxb8 1/2-1/2

[Event "Late-Titled-Tuesday-Blitz-January-23-2024"]
[Site "Chess.com"]
[Date "2024.01.23"]
[Round "2"]
[White "Aleksandar-Topalov"]
[Black "Sl4werThanYou"]
[Result "0-1"]
[WhiteElo "2355"]
[BlackElo "2637"]
[TimeControl "180+1"]
[EndTime "14:11:35 PST"]
[Termination "Sl4werThanYou won by resignation"]

1. b3 b6 2. Bb2 Bb7 3. Nf3 e6 4. g3 Nf6 5. Bg2 Be7 6. O-O O-O 7. d3 d5 8. Nbd2 c5 9. e4 Nc6 10. exd5 Nxd5 11. a3 Bf6 12. Re1 Bxb2 0-1

[Event "Late-Titled-Tuesday-Blitz-January-23-2024"]
[Site "Chess.com"]
[Date "2024.01.23"]
[Round "2"]
[White "ukchessbomber"]
[Black "brunomorado"]
[Result "1-0"]
[WhiteElo "2693"]
[BlackElo "2402"]
[TimeControl "180+1"]
[EndTime "14:11:51 PST"]
[Termination "ukchessbomber won by resignation"]

1. h4 d5 2. Nf3 c5 3. e3 Nc6 4. d4 Nf6 5. dxc5 e6 6. c4 Bxc5 7. cxd5 Qxd5 8. Nc3 Qxd1+ 9. Kxd1 Bd7 10. Bb5 O-O-O 11.
Ke2 h6 12. b3 Nb4 13. Bxd7+ Rxd7 14. Ne5 Rdd8 15. Nxf7 1-0

[Event "Late-Titled-Tuesday-Blitz-January-23-2024"]
[Site "Chess.com"]
[Date "2024.01.23"]
[Round "2"]
[White "Maxfan2008"]
[Black "Roedor"]
[Result "0-1"]
[WhiteElo "2518"]
[BlackElo "2327"]
[TimeControl "180+1"]
[EndTime "14:12:15 PST"]
[Termination "Roedor won by resignation"]

1. d4 Nf6 2. c4 g6 3. Nc3 d5 4. cxd5 Nxd5 5. e4 Nxc3 6. bxc3 Bg7 7. Nf3 O-O 8. Be2 c5 9. O-O Nc6 10. Be3 Bg4 11. d5 Bxf3 12. Bxf3 Ne5 13. Be2 Qa5 14. f4 Qxc3 15. Qc1 Qxc1 16. Raxc1 Nd7 17. Bxc5 Nxc5 0-1

[Event "Late-Titled-Tuesday-Blitz-January-23-2024"]
[Site "Chess.com"]
[Date "2024.01.23"]
[Round "2"]
[White "AlexPapasimakopoulos"]
[Black "Road2GM3000"]
[Result "1-0"]
[WhiteElo "2754"]
[BlackElo "2448"]
[TimeControl "180+1"]
[EndTime "14:12:16 PST"]
[Termination "AlexPapasimakopoulos won by resignation"]

1. d4 d5 2. c4 c6 3. cxd5 cxd5 4. Bf4 Nf6 5. Nc3 Nc6 6. e3 a6 7.
Bd3 Bg4 8. Nge2 Be6 9. O-O g6 10. Rc1 Bg7 11. Na4 O-O 12. Nc5 Bc8 13. Qb3 Na5 14.
Qc3 b5 15. h3 Nd7 16. Nxd7 Bxd7 17. Bc7 b4 18. Qxb4 Nc6 19. Rxc6 Qc8 20. Rc2 1-0

[Event "Late-Titled-Tuesday-Blitz-January-23-2024"]
[Site "Chess.com"]
[Date "2024.01.23"]
[Round "2"]
[White "sergiochess83"]
[Black "EsmeraldasAnderson03"]
[Result "1-0"]
[WhiteElo "2889"]
[BlackElo "2427"]
[TimeControl "180+1"]
[EndTime "14:13:10 PST"]
[Termination "sergiochess83 won by resignation"]

1. d4 d5 2. c4 dxc4 3. Nf3 Nf6 4. e3 e6 5. Bxc4 a6 6. O-O c5 7. Bd3 Be7 8. dxc5 Bxc5 9. Qe2 O-O 10. e4 Qb6 11.
Nc3 Bd7 12. e5 Ng4 13. Bxh7+ Kxh7 14. Ng5+ Kg8 15. Qxg4 Be7 16. Nce4 f6 17. exf6 Bxf6 18. Qh5 1-0

[Event "Late-Titled-Tuesday-Blitz-January-23-2024"]
[Site "Chess.com"]
[Date "2024.01.23"]
[Round "2"]
[White "chessisveryfun1264"]
[Black "jcibarra"]
[Result "0-1"]
[WhiteElo "2559"]
[BlackElo "2861"]
[TimeControl "180+1"]
[EndTime "14:13:18 PST"]
[Termination "jcibarra won by resignation"]

1. Nf3 Nf6 2. g3 g6 3. Bg2 d6 4.
O-O Bg7 5. d4 O-O 6. c4 Bf5 7. Nc3 Ne4 8. Nxe4 Bxe4 9. Bf4 c5 10.
Be3 Qb6 11. dxc5 dxc5 12. b3 Rd8 13. Qc1 Nc6 14. Qa3 Bxa1 15. Bxc5 Bb2 16. Bxb6 Bxa3 17. Bxd8 Rxd8 0-1

[Event "Late-Titled-Tuesday-Blitz-January-23-2024"]
[Site "Chess.com"]
[Date "2024.01.23"]
[Round "2"]
[White "Actuary44"]
[Black "gomeschess02"]
[Result "1-0"]
[WhiteElo "2487"]
[BlackElo "2216"]
[TimeControl "180+1"]
[EndTime "14:13:20 PST"]
[Termination "Actuary44 won by resignation"]

1. e4 c5 2. d4 cxd4 3. c3 Nf6 4. Bd3 dxc3 5. Nxc3 Nc6 6. f4 d6 7. Nf3 g6 8. O-O Bg7 9. Qe1 O-O 10. Qh4 Nb4 11.
Bb1 a5 12. Kh1 b6 13. Be3 Bb7 14. a3 Na6 15. f5 Nc5 16. fxg6 fxg6 17. Ba2+ Kh8 18. Ng5 e6 19. Rxf6 1-0

[Event "Late-Titled-Tuesday-Blitz-January-23-2024"]
[Site "Chess.com"]
[Date "2024.01.23"]
[Round "2"]
[White "chrisclaireredfield"]
[Black "vugarrasulov"]
[Result "0-1"]
[WhiteElo "2566"]
[BlackElo "2926"]
[TimeControl "180+1"]
[EndTime "14:13:23 PST"]
[Termination "vugarrasulov won by resignation"]

1. Nf3 c5 2. c4 Nc6 3. Nc3 Nf6 4. g3 g6 5. d4 cxd4 6. Nxd4 d6 7. Bg2 Bd7 8. O-O Bg7 9. Nb3 O-O 10. c5 Be6 11. cxd6 exd6 12. Bf4 d5 13. e3 h6 14. Nd4 Kh7 15. Rc1 Rc8 16. Nxc6 bxc6 17. Na4 Ne4 18. b3 g5 19. Bxe4+ dxe4 20. Bd6 Re8 21. Nc5 Bd5 22. Nb7 Qd7 0-1